Map: Lightshade LE

Players

Rob

  • Race: Protoss Protoss

Antis - Winner!

  • Race: Zerg Zerg

Event: DreamHack SC2 Masters 2021 Fall

VOD

Have the link to the VOD?

Description

Time

  • Played on: Aug. 3, 2021, 5:53 p.m.
  • Length: 11:29

All games in this series

Show
View Real Time Build Order
Export as new Build Order

Rob Protoss 

Build Orders: Cannon Rush, Zealot Archon 

Get SALT Encoding   

  12  0:00  Probe  
  13  0:12  Probe  
  14  0:17  Pylon  
  14  0:24  Probe (Chrono Boost)  
  16  0:37  Probe (Chrono Boost)  
  16  0:38  Forge  
  16  0:42  Probe (Chrono Boost)  
  17  0:52  Probe  
  19  1:05  Gateway  
  18  1:18  Pylon  
  18  1:28  Pylon  
  18  1:29  Pylon  
  18  1:37  Photon Cannon  
  18  1:46  Photon Cannon  
  18  1:51  Photon Cannon  
  18  1:59  Probe (Chrono Boost)  
  17  2:06  Assimilator  
  17  2:08  Nexus  
  17  2:11  Probe (Chrono Boost)  
  18  2:16  Probe (Chrono Boost)  
  18  2:18  Assimilator  
  18  2:22  Cybernetics Core  
  19  2:26  Probe (Chrono Boost)  
  20  2:32  Pylon  
  20  2:34  Probe (Chrono Boost)  
  21  2:41  Probe  
  24  2:53  Probe  
  25  3:05  Probe  
  26  3:08  Pylon  
  26  3:17  Probe  
  27  3:22  Probe  
  27  3:26  Adept (Chrono Boost)  
  28  3:29  Probe  
  28  3:30  Probe  
  29  3:38  Probe  
  29  3:40  Warp Gate  
  30  3:41  Probe  
  30  3:47  Stalker (Chrono Boost)  
  32  3:53  Probe x2  
  36  4:03  Twilight Council  
  36  4:05  Robotics Facility, Probe x2  
  38  4:13  Adept (Chrono Boost)  
  40  4:17  Probe x2  
  42  4:24  Pylon  
  42  4:29  Probe x2  
  44  4:33  Assimilator  
  44  4:36  Assimilator  
  44  4:44  Dark Shrine  
  46  4:49  Gateway x2  
  46  4:51  Gateway  
  44  4:54  Probe x2  
  46  5:04  Warp Prism (Chrono Boost)  
  46  5:06  Probe x2  
  48  5:18  Probe x2  
  48  5:20  Pylon  
  50  5:28  Pylon  
  50  5:30  Probe x2  
  52  5:37  Adept  
  52  5:39  Shield Battery  
  50  5:44  Adept  
  50  5:45  Adept  
  54  5:51  Adept  
  54  6:02  Dark Templar  
  56  6:06  Dark Templar x2  
  60  6:12  Dark Templar  
  60  6:13  Pylon  
  60  6:14  Pylon  
  60  6:16  Pylon  
  62  6:20  Nexus  
  60  6:37  Immortal (Chrono Boost)  
  62  6:40  Probe x2, Robotics Bay  
  62  6:43  Dark Templar  
  62  6:45  Dark Templar  
  68  6:52  Probe  
  68  6:53  Probe  
  70  6:56  Dark Templar  
  70  6:57  Dark Templar  
  70  7:04  Probe  
  70  7:05  Probe  
  66  7:13  Archon, Immortal (Chrono Boost)  
  70  7:17  Probe  
  70  7:18  Robotics Facility  
  70  7:20  Archon  
  71  7:24  Zealot x2  
  75  7:33  Probe  
  75  7:34  Disruptor (Chrono Boost)  
  79  7:37  Probe  
  80  7:49  Sentry  
  80  7:50  Zealot x3  
  76  8:02  Disruptor (Chrono Boost)  
  58  8:10  Disruptor (Chrono Boost)  
  58  8:12  Probe  
  60  8:24  Probe  
  58  8:29  Zealot  
  58  8:31  Zealot  
  58  8:32  Zealot  
  65  8:36  Disruptor (Chrono Boost)  
  65  8:38  Disruptor (Chrono Boost)  
  65  8:43  Zealot  
  65  8:47  Gateway  
  67  8:49  Gateway  
  67  8:52  Gateway  
  67  8:55  Gateway  
  67  9:02  Nexus  
  63  9:08  Probe  
  63  9:12  Dark Templar x2  
  67  9:18  Archon  
  67  9:23  Probe  
  64  9:39  Nexus  
  64  9:46  Zealot  
  64  9:47  Zealot x4  
  62  10:08  Dark Templar x6  
  62  10:13  Dark Templar  
  76  10:14  Archon x2  
  76  10:15  Archon  
  76  10:19  Dark Templar  
  78  10:28  Archon  
  78  10:31  Probe x2  
  77  10:36  Disruptor (Chrono Boost)  
  75  10:50  Zealot x4  
  75  11:05  Dark Templar x2  
  79  11:24  Archon  
Show
View Real Time Build Order
Export as new Build Order

Antis Zerg - Winner!

Build Orders: Hatch First 

Get SALT Encoding   

  12  0:00  Drone  
  13  0:11  Overlord  
  13  0:17  Drone  
  14  0:30  Drone x2  
  16  0:51  Drone  
  16  0:52  Hatchery  
  16  0:55  Drone  
  17  0:59  Drone  
  18  1:09  Extractor  
  17  1:14  Spawning Pool  
  16  1:22  Drone  
  16  1:23  Drone  
  18  2:03  Queen x2  
  18  2:04  Zergling x4  
  24  2:17  Overlord  
  24  2:20  Drone  
  25  2:24  Drone  
  26  2:30  Drone x2  
  28  2:39  Drone x2  
  30  2:54  Hatchery  
  29  2:59  Overlord  
  29  3:04  Metabolic Boost  
  28  3:08  Drone  
  28  3:12  Drone x2  
  31  3:18  Drone x3  
  33  3:23  Drone x2  
  35  3:30  Overlord  
  35  3:34  Queen  
  35  3:37  Drone x2  
  35  3:40  Drone  
  40  3:45  Zergling x4  
  42  3:53  Drone  
  42  3:55  Queen  
  45  4:02  Drone x3  
  48  4:04  Spore Crawler  
  48  4:06  Spore Crawler, Drone x2  
  48  4:07  Drone  
  50  4:11  Queen  
  50  4:15  Overlord  
  50  4:16  Overlord  
  52  4:23  Zergling x8  
  56  4:35  Drone  
  56  4:36  Drone x6  
  63  4:41  Overlord  
  63  4:45  Extractor  
  62  4:46  Roach Warren  
  62  4:47  Spore Crawler, Drone  
  61  4:54  Drone x3  
  63  5:02  Zergling x4  
  63  5:03  Zergling x4  
  66  5:07  Drone x4  
  66  5:10  Lair  
  66  5:11  Overlord  
  69  5:16  Zergling x4  
  69  5:18  Overlord  
  71  5:25  Extractor  
  70  5:29  Zergling x4  
  70  5:30  Zergling x4  
  70  5:31  Queen x2  
  76  5:43  Drone x6  
  76  5:44  Spore Crawler, Drone x2  
  78  5:57  Roach  
  78  5:58  Roach x4  
  78  5:59  Overlord x3  
  88  6:10  Glial Reconstitution  
  88  6:13  Extractor  
  87  6:18  Roach  
  87  6:19  Roach x8  
  87  6:22  Overlord x2  
  105  6:36  Overseer  
  101  6:40  Roach  
  101  6:41  Roach x4  
  101  6:44  Extractor  
  101  6:45  Evolution Chamber  
  109  6:50  Overlord  
  109  6:52  Roach  
  109  6:53  Roach x5  
  109  6:54  Hatchery  
  120  6:57  Extractor  
  120  6:59  Drone x4  
  123  7:07  Drone x3  
  117  7:11  Zerg Missile Weapons Level 1  
  118  7:15  Roach  
  118  7:16  Roach x3  
  118  7:17  Overseer  
  124  7:27  Zergling x10, Roach x2  
  124  7:29  Ravager  
  134  7:36  Ravager  
  130  7:49  Zergling x20  
  132  8:05  Drone x10  
  137  8:15  Drone  
  137  8:18  Overseer, Hydralisk Den  
  137  8:20  Overlord x2  
  137  8:21  Overlord  
  137  8:22  Drone  
  137  8:23  Drone x3  
  137  8:24  Drone  
  137  8:26  Drone x3  
  137  8:27  Spore Crawler, Drone x2  
  117  8:31  Drone  
  116  8:38  Drone x4  
  120  8:50  Grooved Spines  
  120  8:54  Infestation Pit  
  115  8:59  Roach x5  
  115  9:00  Roach x8  
  139  9:11  Zerg Missile Weapons Level 2  
  139  9:12  Drone x2, Spine Crawler  
  139  9:14  Drone x2, Evolution Chamber  
  139  9:15  Drone x2  
  142  9:27  Hatchery  
  142  9:30  Overlord  
  114  9:39  Hydralisk x10  
  124  10:06  Hydralisk  
  124  10:07  Zergling x2, Hydralisk x4, Hive  
  124  10:08  Zergling x14  
  124  10:12  Muscular Augments  
  142  10:16  Lurker Den  
  141  10:22  Extractor, Drone x10  
  141  10:23  Extractor  
  141  10:28  Spine Crawler  
  140  10:40  Hydralisk x3  
  140  10:41  Hydralisk x7  
  136  10:54  Hydralisk  
  136  10:55  Hydralisk x9  

Tags
 
Add a new tag
Caveats
  • Supply blocks, unpowered buildings, or Contaminate may cause inaccurate times.
  • Supply counts are checked every 10 seconds.